AoeStats
← Tim

Glade

510483506Analyzed
1v1 RM · 7h ago on Oct 1, 2026· 43m 49s· 2 players
Game mode
Random Map
Map size
Tiny (2 player)
Population
200
Speed
Normal
Resources
Standard
Victory
Conquest
Starting age
Dark Age
Ending age
Imperial Age
RankedLock teamsTeams togetherTeam positionsShared explorationLock speedFull tech treeHidden civsTurbo modeCheats
Victory
Defeat
🇹🇼 Franks · Taiwan
1035
+15
🇺🇸 Vietnamese · United States
1010
-15
Tim
10:46 Feudal Age
9:07 Loom
10:53 Feudal Age
18:26 Castle Age
16:16 Double-Bit Axe
18:33 Pikeman
19:50 Scale Mail Armor
20:25 Town Watch
22:57 Bow Saw
23:33 Gold Mining
25:10 Squires
34:04 Imperial Age
32:26 Fletching
35:08 Masonry
36:00 Chemistry
36:52 Chain Mail Armor
37:39 Crossbowman
38:25 Thumb Ring
38:16 Bodkin Arrow
42:07 Padded Archer Armor
42:49 Paper Money
happywego318
8:47 Loom
11:38 Feudal Age
16:29 Castle Age
16:50 Double-Bit Axe
23:21 Forging
24:52 Wheelbarrow
25:34 Iron Casting
26:08 Fletching
26:15 Gold Mining
28:32 Gold Shaft Mining
31:21 Imperial Age
29:59 Bow Saw
30:11 Bodkin Arrow
34:53 Blast Furnace
36:38 Elite Throwing Axeman
37:04 Cavalier
41:38 Elite Skirmisher
Connection lost

Rejoining the realm…

Still unreachable

The connection could not be restored.

Session expired

The server has moved on; the page needs a fresh start.